 Dungeon Crawl Stone Soup version 0.19-a0-1670-gc28a5d9 (webtiles) character file.

28606 Ijustatesigmund the Elven Aeon (level 13, -10/74 HPs)
             Began as a Deep Elf Wizard on Sept 21, 2016.
             Was the Champion of Cheibriados.
             Mangled by utis's ghost (37 damage)
             ... on level 2 of the Orcish Mines.
             The game lasted 01:52:45 (24320 turns).

Ijustatesigmund the Elven Aeon (Deep Elf Wizard)   Turns: 24320, Time: 01:52:46

Health: -10/74     AC: 11    Str: 19    XL:     13   Next: 10%
Magic:  28/28      EV: 22    Int: 48    God:    Cheibriados [******]
Gold:   185        SH: 10    Dex: 29    Spells: 8 memorised, 5 levels left

rFire  + . .     SeeInvis .     y - +6 rapier (venom)
rCold  + . .     Gourm    .     v - +3 leather armour {rF+}
rNeg   . . .     Faith    .     A - +0 buckler
rPois  .         Spirit   .     G - +0 helmet
rElec  +         Dismiss  .     w - +1 cloak of Starlight {rElec rC+ EV+4 Stlth--}
rCorr  .         Reflect  +     i - +0 pair of gloves
MR     +....     Harm     .     L - +0 pair of boots
Stlth  ++........               f - +3 amulet of reflection
                                (no ring)
                                a - +5 ring of intelligence

@: repel missiles, very slow
A: no striking features
a: Bend Time, Temporal Distortion, Slouch, Step From Time, Renounce Religion


You were on level 2 of the Orcish Mines.
You worshipped Cheibriados.
Cheibriados was exalted by your worship.
You were not hungry.

You visited 4 branches of the dungeon, and saw 16 of its levels.
You also visited: Sewer and Ossuary.

You collected 1297 gold pieces.
You spent 1112 gold pieces at shops.

Inventory:

Hand Weapons
 m - the +5 dagger of Trog's Righteous Anger {venom, +Rage rF- MR++ Str+2}
   (You found it on level 4 of the Dungeon)

   It poisons the flesh of those it strikes.
   It affects your strength (+2).
   It makes you vulnerable to fire.
   It affects your resistance to hostile enchantments.
   It lets you go berserk.
 y - a +6 rapier of venom (weapon)
 H - a +1 demon trident of venom
Missiles
 R - 2 javelins (quivered)
Armour
 e - the +3 leather armour "Goorch" {+Blink rC- SInv, unknown}
   (You bought it in a shop on level 2 of the Orcish Mines)

   It makes you vulnerable to cold.
   It lets you see invisible.
   It lets you blink.
 i - a +0 pair of gloves (worn)
 j - the +7 chain mail of Watchfulness {Str+5 Int-3}
   (You found it on level 8 of the Dungeon)

   It affects your strength (+5).
   It affects your intelligence (-3).
 q - a +0 cloak
 v - a +3 leather armour of fire resistance (worn)
 w - the +1 cloak of Starlight (worn) {rElec rC+ EV+4 Stlth--}
   (You found it on level 4 of the Dungeon)

   It affects your evasion (+4).
   It protects you from cold.
   It insulates you from electricity.
   It makes you much less stealthy.
 A - a +0 buckler (worn)
 G - a +0 helmet (worn)
 I - the +1 troll leather armour of Soistum {+Inv rPois Regen+ Dex+4 SInv, unknown}
   (You bought it in a shop on level 2 of the Orcish Mines)

   It affects your dexterity (+4).
   It protects you from poison.
   It lets you see invisible.
   It lets you turn invisible.
   It increases your rate of regeneration.
 K - a +2 robe of the Archmagi
 L - a +0 pair of boots (worn)
Jewellery
 a - a +5 ring of intelligence (left hand)
 f - a +3 amulet of reflection (around neck)
Wands
 o - a wand of polymorph (7/24)
 p - a wand of teleportation (8/9)
 u - a wand of enslavement (0/24)
 T - a wand of digging (12/24)
 U - a wand of confusion (17/48)
 W - a wand of lightning (0/15)
 Z - a wand of slowing (16/48)
Scrolls
 h - 7 scrolls of remove curse
 k - 2 scrolls of immolation
 s - a scroll of magic mapping
 B - 5 scrolls of amnesia
 C - 2 scrolls of fear
 E - 2 scrolls of teleportation
 Q - 2 scrolls of recharging
 Y - a scroll of fog
Potions
 l - a potion of lignification
 n - 2 potions of cancellation
 r - 2 potions of might
 t - a potion of brilliance
 x - a potion of mutation
 z - 2 potions of ambrosia
 D - 3 potions of curing
 J - a potion of resistance
 P - 2 potions of flight
 S - a potion of cure mutation {unknown}
 X - a potion of invisibility {unknown}
Books
 c - a book of Power

   Spells                             Type                      Level
   a - Fulminant Prism                Conjuration/Hexes            4
   b - Iskenderun's Mystic Blast      Conjuration                  4
   c - Venom Bolt                     Conjuration/Poison           5
   d - Bolt of Magma                  Conjuration/Fire/Earth       5
   e - Iron Shot                      Conjuration/Earth            6
   f - Orb of Destruction             Conjuration                  7
   g - Spellforged Servitor           Conjuration/Summoning        7
 M - a book of Party Tricks

   Spells                             Type                      Level
   a - Summon Butterflies             Summoning                    1
   b - Apportation                    Translocation                1
   c - Tukima's Dance                 Hexes                        3
   d - Alistair's Intoxication        Transmutation/Poison         5
   e - Invisibility                   Hexes                        6
Comestibles
 b - 14 fruits
 d - 8 bread rations
 g - 5 meat rations


   Skills:
 * Level 5.7 Fighting
 - Level 5.3 Short Blades
 - Level 2.8 Armour
 - Level 6.2 Dodging
 - Level 7.9 Stealth
 - Level 4.2 Shields
 * Level 9.3 Spellcasting
 + Level 7.3 Conjurations
 - Level 5.3 Charms
   Level 1.1 Summonings
 - Level 4.2 Translocations
 - Level 6.9 Fire Magic
 - Level 2.8 Air Magic
 - Level 7.4 Earth Magic
 - Level 7.6 Poison Magic
 - Level 9.4 Invocations


You had 5 spell levels left.
You knew the following spells:

 Your Spells              Type           Power        Failure   Level  Hunger
a - Magic Dart            Conj           ####         1%          1    None
b - Blink                 Tloc           N/A          1%          2    None
c - Repel Missiles        Chrm/Air       ######       1%          2    None
d - Mephitic Cloud        Conj/Pois/Air  ######..     1%          3    None
e - Conjure Flame         Conj/Fire      ######..     1%          3    None
f - Iskenderun's Mystic   Conj           #######.     1%          4    None
g - Bolt of Magma         Conj/Fire/Erth ######....   1%          5    None
h - Venom Bolt            Conj/Pois      #######...   1%          5    None


Dungeon Overview and Level Annotations

Branches:
Dungeon (12/15)            Temple (1/1) D:6            Lair (1/6) D:8
    Orc (2/2) D:9             Elf (0/3) Orc:2

Altars:
Ashenzari
Cheibriados
Dithmenos
Elyvilon
Fedhas
Gozag
Hepliaklqana
Kikubaaqudgha
Makhleb
Nemelex Xobeh
Okawaru
Qazlal
Ru
Sif Muna
Trog
Uskayaw
Vehumet
Xom
Yredelemnul
Zin
The Shining One

Shops:
D:7 %   D:8 ?   Orc:1 }   Orc:2 *%[[(*

Portals:
Trove: D:10 (give +7 demon trident)

Annotations:
D:3 1 runed door, azzavlup's ghost, amateur DrMo
Orc:2 Ruebezahl's ghost, journeyman MiFi; utis's ghost, journeyman TrWr


Message History

Unknown command.
You miss utis's ghost.
You are engulfed in noxious fumes.
You choke on the stench!
You are confused.
Utis's ghost hits you!
You miss utis's ghost.
You are engulfed in noxious fumes.
Utis's ghost hits you!!!
Ouch! That really hurt!
* * * LOW HITPOINT WARNING * * *
You're too confused!
You feel much better.
You are engulfed in noxious fumes.
You feel less confused.
Utis's ghost gestures wildly while chanting.
Utis's ghost blinks!
Okay, then.
Okay, then.
Okay, then.
You fail to use your ability.
Utis's ghost hits you!!!
Ouch! That really hurt!
You die...

#############***********#.......[
#.)(.........,,,,,,,,,,,.....)...
..o)...O.....,,,,,,,,,,,...([...)
.(##..##..##...#**,,,**,.##.(##..
[##....(.....≈≈# *≈≈,,,,,,...,##(
.#..........≈≈≈* *≈≈≈,,,,....,,*O
..........≈≈≈≈*###*≈≈≈≈,,,,,,,,,,
.#......≈≈≈≈#*##§##**≈≈≈≈,,,,,,*,
.#(....≈≈≈≈####§@W####≈≈≈≈,,,,,*,
................∩.....).,,,,,,,,,
(...............∩.......,,,,,,,,,
.#.....≈≈≈≈####...####≈≈≈≈,,,,,*,
.#..)...≈≈≈≈####∩##**≈≈≈≈,,,,,,*,
..).......≈≈≈≈####*≈≈≈≈,,,,,,,,,,
.#.)........≈≈≈# *≈≈≈....,....,*.
.##..........≈≈# #≈≈..........##.
..##.(##..##...###...##..##..##..


You could see utis's ghost.

Vanquished Creatures
  Gastronok (D:8)
  Nessos (Orc:2)
  A centaur warrior (Orc:2)
  Erica (D:8)
  3 hill giants
  2 orc knights (Orc:2)
  2 ugly things (D:12)
  An orc sorcerer (Orc:2)
  A cyclops (Orc:2)
  2 black mambas (Lair:1)
  A gargoyle (D:9)
  2 spiny frogs (Lair:1)
  2 komodo dragons
  A freezing wraith (D:12)
  A tengu conjurer (D:11)
  8 trolls
  2 two-headed ogres (D:11)
  Grinder (D:3)
  3 blink frogs (Lair:1)
  6 hippogriffs
  Sigmund (D:2)
  2 wyverns
  2 wraiths (Ossuary)
  Eustachio (D:5)
  Grum (D:8)
  3 wargs
  5 water moccasins
  3 porcupines (Lair:1)
  Duvessa (D:5)
  42 orc warriors
  6 ice beasts
  4 phantoms
  5 sky beasts
  A black bear (D:9)
  12 ogres
  5 centaurs
  3 wolves (D:8)
  A crocodile (Lair:1)
  4 big kobolds
  13 bullfrogs
  Dowan (D:5)
  A wyvern skeleton (D:12)
  A water moccasin skeleton (D:4)
  2 scorpions
  11 killer bees
  5 wights
  2 howler monkeys (D:10)
  6 crimson imps
  A quasit (D:9)
  A bullfrog zombie (D:8)
  2 centaur zombies
  6 hounds
  17 orc priests
  2 jellies (D:10)
  23 orc wizards
  4 bullfrog skeletons
  A centaur skeleton (D:10)
  4 iguanas
  Ijyb (D:2)
  Natasha (thrice) (D:3)
  12 worker ants
  Robin (D:3)
  3 worker ant zombies
  4 gnolls (D:5)
  17 adders
  6 river rats
  4 shadow imps
  13 oozes (Sewer)
  4 adder zombies (Ossuary)
  2 adder skeletons
  3 worms
  2 dart slugs
  16 leopard geckos
  79 orcs
  6 bats
  24 giant cockroaches
  17 goblins
  6 hobgoblins
  7 jackals
  22 kobolds
  3 quokkas
  11 ball pythons
  A ball python skeleton (Ossuary)
  24 frilled lizards
  A goblin zombie (D:8)
  A hobgoblin zombie (Ossuary)
  A jackal skeleton (D:3)
  2 kobold zombies (Ossuary)
  An orc zombie (Ossuary)
  A quokka zombie (D:8)
  9 rats
554 creatures vanquished.

Vanquished Creatures (collateral kills)
  A killer bee (D:7)
1 creature vanquished.

Vanquished Creatures (others)
  A cyclops (Orc:2)
  2 orc warriors (Orc:2)
  2 orcs
  A frilled lizard (D:2)
  A kobold (D:8)
  5 fungi (Lair:1)
  18 plants (D:8)
30 creatures vanquished.

Grand Total: 585 creatures vanquished

Notes
Turn   | Place    | Note
-------+----------+-------------------------------------------
     0 | D:1      | Ijustatesigmund the Deep Elf Wizard began the quest for the Orb.
     0 | D:1      | Reached XP level 1. HP: 10/10 MP: 7/7
   194 | D:1      | Reached XP level 2. HP: 15/15 MP: 5/9
   198 | D:1      | Learned a level 2 spell: Blink
   201 | D:1      | Learned a level 2 spell: Repel Missiles
   680 | D:2      | Reached XP level 3. HP: 14/19 MP: 4/10
   792 | D:2      | Learned a level 3 spell: Mephitic Cloud
   967 | D:2      | Found a white marble altar of Elyvilon.
   989 | D:2      | Reached XP level 4. HP: 24/24 MP: 8/12
   994 | D:2      | Learned a level 3 spell: Conjure Flame
  1343 | D:2      | Noticed Sigmund
  1401 | D:2      | Noticed Ijyb
  1407 | D:2      | Killed Ijyb
  1813 | D:2      | You fall through a shaft!
  1833 | D:3      | Noticed Robin
  1865 | D:3      | Killed Robin
  1865 | D:3      | Reached XP level 5. HP: 26/28 MP: 7/13
  1908 | D:3      | Noticed Grinder
  1908 | D:3      | Paralysed by Grinder for 6 turns
  1920 | D:3      | Paralysed by Grinder for 4 turns
  1929 | D:3      | Killed Grinder
  1929 | D:3      | Reached skill level 5 in Dodging
  1929 | D:3      | Reached skill level 5 in Conjurations
  1929 | D:3      | Reached XP level 6. HP: 29/32 MP: 7/14
  1971 | D:3      | Found a runed door.
  1971 | D:3      | Noticed a human
  1980 | D:3      | Found a basalt altar of Yredelemnul.
  2269 | D:3      | Found a glowing drain.
  2275 | D:3      | Noticed Natasha
  2285 | Sewer    | Entered a sewer
  2684 | Sewer    | Reached skill level 1 in Short Blades
  2697 | Sewer    | Reached skill level 1 in Air Magic
  2847 | Sewer    | Reached skill level 1 in Poison Magic
  3109 | Sewer    | Reached skill level 1 in Fighting
  3193 | Sewer    | Reached XP level 7. HP: 25/38 MP: 3/15
  3439 | D:3      | Killed Natasha
  3991 | D:3      | Noticed azzavlup's ghost (amateur DrMo)
  4323 | D:2      | Killed Sigmund
  4385 | D:3      | Noticed Natasha
  4391 | D:3      | Killed Natasha
  4425 | D:3      | Noticed Natasha
  4428 | D:3      | Killed Natasha
  4622 | D:4      | Got a faintly glowing dagger
  4648 | D:4      | Reached XP level 8. HP: 19/45 MP: 5/16
  4851 | D:4      | Identified the +5 dagger of Trog's Righteous Anger {venom, +Rage rF- MR++ Str+2} (You found it on level 4 of the Dungeon)
  5086 | D:4      | Reached skill level 1 in Fire Magic
  6064 | D:5      | Entered Level 5 of the Dungeon
  6295 | D:5      | Noticed Duvessa
  6297 | D:5      | Noticed Dowan
  6311 | D:5      | Killed Duvessa
  6316 | D:5      | Killed Dowan
  7000 | D:5      | Noticed Eustachio
  7017 | D:5      | Killed Eustachio
  7017 | D:5      | Reached skill level 5 in Stealth
  7827 | D:6      | Found a staircase to the Ecumenical Temple.
  7859 | D:6      | Reached XP level 9. HP: 49/49 MP: 0/18
  7953 | D:6      | Reached skill level 5 in Spellcasting
  8061 | Temple   | Entered the Ecumenical Temple
  8166 | Temple   | Became a worshipper of Cheibriados the Contemplative
  8428 | D:6      | Reached skill level 1 in Invocations
  9062 | D:7      | Found Empaseen's Food Boutique.
  9192 | D:7      | Reached * piety under Cheibriados
  9409 | D:8      | Got a polished chain mail
  9579 | D:8      | Noticed Gastronok
  9586 | D:8      | Noticed Grum
  9600 | D:8      | Noticed Erica
  9613 | D:8      | Killed Erica
  9613 | D:8      | Reached XP level 10. HP: 29/58 MP: 2/24
  9635 | D:8      | Reached skill level 5 in Fighting
  9643 | D:8      | Reached ** piety under Cheibriados
  9799 | D:8      | Reached skill level 5 in Invocations
  9817 | D:8      | Found Nocwitoy's Magic Scroll Shoppe.
  9831 | D:8      | Bought a scroll of identify for 20 gold pieces
  9831 | D:8      | Bought a scroll of teleportation for 30 gold pieces
  9831 | D:8      | Bought a scroll of identify for 20 gold pieces
  9831 | D:8      | Bought a scroll of enchant weapon for 75 gold pieces
  9831 | D:8      | Bought a scroll of blinking for 75 gold pieces
  9880 | D:8      | Found a sand-covered staircase.
  9887 | Ossuary  | Entered an ossuary
 10262 | Ossuary  | Reached skill level 1 in Charms
 10422 | Ossuary  | Identified the +7 chain mail of Watchfulness {Str+5 Int-3} (You found it on level 8 of the Dungeon)
 10476 | D:8      | Reached *** piety under Cheibriados
 10505 | D:8      | Killed Grum
 11687 | D:8      | Found a staircase to the Lair.
 12045 | D:8      | Killed Gastronok
 12045 | D:8      | Reached skill level 5 in Short Blades
 12045 | D:8      | Reached skill level 5 in Charms
 12473 | D:9      | Noticed a gargoyle
 12479 | D:8      | Reached XP level 11. HP: 55/64 MP: 19/25
 12524 | Lair:1   | Entered Level 1 of the Lair of Beasts
 12543 | Lair:1   | Reached skill level 1 in Shields
 13551 | Lair:1   | Reached **** piety under Cheibriados
 14312 | Lair:1   | HP: 3/64 [poisoned by a black mamba]
 14319 | Lair:1   | HP: 3/64 [poisoned by a black mamba]
 14327 | Lair:1   | HP: 2/64 [poisoned by a black mamba]
 14333 | Lair:1   | HP: 2/64 [poisoned by a black mamba]
 14339 | Lair:1   | HP: 3/64 [poisoned by a black mamba]
 14345 | Lair:1   | HP: 3/64 [poisoned by a black mamba]
 15175 | Lair:1   | Noticed a seven-headed hydra
 15641 | D:9      | Learned a level 4 spell: Iskenderun's Mystic Blast
 15647 | D:9      | Learned a level 5 spell: Bolt of Magma
 15685 | D:9      | Reached ***** piety under Cheibriados
 15694 | D:9      | Reached skill level 1 in Earth Magic
 15962 | D:9      | Found a sparkling altar of Nemelex Xobeh.
 16300 | D:9      | Found a staircase to the Orcish Mines.
 16601 | D:9      | Noticed a hill giant
 16606 | D:9      | Killed a hill giant
 16665 | D:10     | Entered Level 10 of the Dungeon
 16865 | D:10     | Found a portal to a secret trove of treasure.
 17649 | D:10     | Reached skill level 5 in Fire Magic
 17768 | D:10     | Noticed a hill giant
 17778 | D:10     | Killed a hill giant
 18411 | D:11     | Reached skill level 5 in Earth Magic
 18447 | D:11     | Reached XP level 12. HP: 68/68 MP: 7/26
 19384 | D:11     | Reached ****** piety under Cheibriados
 20331 | D:12     | Noticed a five-headed hydra
 20427 | Orc:1    | Entered Level 1 of the Orcish Mines
 21379 | Orc:1    | Reached skill level 1 in Armour
 21566 | Orc:1    | Found Aruz's Gadget Shoppe.
 21727 | Orc:2    | Entered Level 2 of the Orcish Mines
 21727 | Orc:2    | Found Xuugg's Antique Weapon Emporium.
 21727 | Orc:2    | Noticed Nessos
 21731 | Orc:2    | Killed Nessos
 21733 | Orc:2    | Noticed Ruebezahl's ghost (journeyman MiFi)
 21734 | Orc:2    | Noticed utis's ghost (journeyman TrWr)
 22034 | Orc:2    | Learned a level 5 spell: Venom Bolt
 22062 | Orc:2    | Noticed a centaur warrior
 22068 | Orc:2    | Killed a centaur warrior
 22095 | Orc:2    | Found Peful's Assorted Antiques.
 22095 | Orc:2    | Found a staircase to the Elven Halls.
 22097 | Orc:2    | Reached skill level 5 in Poison Magic
 23499 | Orc:2    | Reached XP level 13. HP: 73/73 MP: 21/27
 24293 | Orc:2    | Found Seoled's Antique Armour Emporium.
 24293 | Orc:2    | Found Jairaroo's Food Boutique.
 24295 | Orc:2    | Found Soshrur's Assorted Antiques.
 24297 | Orc:2    | Found Xonte's Antique Armour Shoppe.
 24311 | Orc:2    | Bought a steaming leather armour for 182 gold pieces
 24311 | Orc:2    | Bought a faintly humming troll leather armour for 260 gold pieces
 24314 | Orc:2    | Bought a leatherbound book for 450 gold pieces
 24320 | Orc:2    | Mangled by utis's ghost

Vault maps used:
D:1:      dpeg_arrival_short_road
D:2:      minmay_roachtagon, elyvilon_altar_4, uniq_iyjb, uniq_sigmund
D:3:      portal_sewer_entry_c, first_bread, serial_curves, eino_curves_02,
          eino_curves_04, dk_yredelemnul_ordeal, uniq_natasha, uniq_robin,
          uniq_grinder
D:4:      st_stairs_3, hangedman_decor_growths
D:5:      uniq_eustachio, uniq_duvessa
D:6:      hangedman_decor_slide_cut
D:7:      serial_shops, shop
D:8:      david_lair_shrubbed, serial_shops, shop, enter_ossuary_4,
          blue_anna_alchemist, grunt_ministairs_5, uniq_gastronok, uniq_grum,
          uniq_erica
D:9:      orc_0_dummy, nemelex_lonely_heart_becter
D:10:     enter_trove_3
Temple:   kilobyte_greek_temple
Orc:1:    serial_shops, shop
Orc:2:    st_orc_rangers, serial_shops, shop,
          nicolae_shop_temple_entry_statues_fountains, uniq_nessos
Sewer:    sewer_frog_island_02
Ossuary:  ossuary_due_cavern

Skill      XL: |  1  2  3  4  5  6  7  8  9 10 11 12 13 |
---------------+----------------------------------------+-----
Conjurations   | 2 3 4 5 7 |  7.3
Dodging        | 3 4 5 6 |  6.2
Short Blades   | 1 3 5 |  5.3
Air Magic      | 1 2 |  2.8
Poison Magic   | 2 3 7 |  7.6
Fighting       | 1 2 4 5 |  5.7
Fire Magic     | 4 5 6 |  6.9
Stealth        | 5 7 |  7.9
Translocations | 4 |  4.2
Spellcasting   | 8 9 |  9.3
Invocations    | 4 5 8 9 |  9.4
Charms         | 5 |  5.3
Shields        | 4 |  4.2
Earth Magic    | 5 7 |  7.4
Armour         | 2 |  2.8
Summonings     | |  1.1

Action                   |  1- 3 |  4- 6 |  7- 9 | 10-12 | 13-15 || total
-------------------------+-------+-------+-------+-------+-------++-------
Melee: Short sword       |    29 |   114 |    32 |       |       ||   175
       Dagger            |       |       |    72 |    23 |       ||    95
       Rapier            |       |       |    65 |   499 |    33 ||   597
Throw: Javelin           |       |       |       |     3 |       ||     3
 Cast: Magic Dart        |    56 |   128 |   320 |   691 |    39 ||  1234
       Repel Missiles    |     1 |       |       |     1 |     1 ||     3
       Mephitic Cloud    |     1 |     7 |    31 |    78 |     1 ||   118
       Blink             |       |     3 |     6 |    25 |       ||    34
       Conjure Flame     |       |       |     2 |    19 |       ||    21
       Iskenderun's Myst |       |       |       |    27 |       ||    27
       Bolt of Magma     |       |       |       |    24 |     3 ||    27
       Venom Bolt        |       |       |       |    13 |    10 ||    23
Invok: Slouch            |       |       |       |     2 |       ||     2
       Temporal Distorti |       |       |       |     1 |       ||     1
Evoke: Wand              |       |       |       |    16 |       ||    16
  Use: Scroll            |     7 |     2 |    10 |    21 |       ||    40
       Potion            |       |     4 |       |     9 |     1 ||    14
 Stab: Sleeping          |     1 |     2 |       |     1 |       ||     4
       Confused          |       |     1 |     7 |    15 |       ||    23
       Distracted        |       |       |       |     1 |       ||     1
  Eat: Chunk             |       |     6 |     6 |     7 |       ||    19
       Beef jerky        |       |     1 |     1 |     1 |       ||     3
       Bread ration      |       |       |     2 |       |       ||     2
       Royal jelly       |       |       |     3 |       |       ||     3
       Fruit             |       |       |       |    13 |       ||    13
Armor: Robe              |     9 |    35 |    18 |       |       ||    62
       Leather armour    |       |       |    17 |   101 |     3 ||   121
Dodge: Dodged            |    21 |   104 |   192 |   470 |    30 ||   817
       Deflected         |       |       |     1 |    19 |    10 ||    30
Block: Other             |     1 |    17 |    23 |    23 |       ||    64
       Reflection        |       |       |     1 |    31 |    17 ||    49
       Buckler           |       |       |       |   205 |    28 ||   233
